 Dungeon Crawl Stone Soup version 0.22-a0-110-g5b255cf (webtiles) character file.

1459 Faca the Fighter (level 9, -6/78 HPs)
             Began as a Formicid Fighter on Jan 27, 2018.
             Was a Follower of Okawaru.
             Mangled by a vampire (9 damage)
             ... on level 7 of the Dungeon.
             The game lasted 00:13:41 (6942 turns).

Faca the Fighter (Formicid Fighter)                 Turns: 6942, Time: 00:13:42

Health: -6/78      AC: 10    Str: 22    XL:     9   Next: 5%
Magic:  8/9        EV: 11    Int:  7    God:    Okawaru [*.....]
Gold:   290        SH: 10    Dex: 18    Spells: 8/8 levels left

rFire    + . .     SeeInvis +   y - +0 hand axe
rCold    . . .     Gourm    .   c - +0 shield
rNeg     . . .     Faith    .   i - +0 chain mail
rPois    .         Spirit   .   (helmet unavailable)
rElec    .         Reflect  .   (no cloak)
rCorr    .         Harm     .   (no gloves)
MR       .....                  n - +0 pair of boots
Stlth    ..........             (no amulet)
HPRegen  0.23/turn              (no ring)
MPRegen  0.11/turn              v - ring of protection from fire

@: agile
A: permanent stasis, dig shafts and tunnels, four strong arms, antennae 3
a: Dig, Shaft Self, Heroism, Renounce Religion


You were on level 7 of the Dungeon.
You worshipped Okawaru.
Okawaru was aware of your devotion.
You were not hungry.

You visited 2 branches of the dungeon, and saw 8 of its levels.

You collected 290 gold pieces.

Inventory:

Hand Weapons
 a - a +0 war axe
 y - a +0 hand axe (weapon)
Missiles
 w - a throwing net (quivered)
Armour
 c - a +0 shield (worn)
 i - a +0 chain mail (worn)
 n - a +0 pair of boots (worn)
Jewellery
 l - an uncursed ring of protection from cold
 v - a ring of protection from fire (right hand)
Wands
 s - a wand of iceblast (9)
 B - a wand of disintegration (11)
Scrolls
 j - a scroll of teleportation {unknown}
 k - 2 scrolls of amnesia
 m - a scroll of fog {unknown}
 p - a scroll of magic mapping {unknown}
 q - a scroll of noise {unknown}
 t - 3 scrolls of blinking
 x - a scroll of remove curse
 A - 2 scrolls of immolation {unknown}
Potions
 d - 3 potions of haste {unknown}
 e - 2 potions of berserk rage {unknown}
 g - 2 potions of brilliance
 h - a potion of agility
 o - 3 potions of ambrosia
 r - 2 potions of mutation
 u - a potion of cancellation {unknown}
 z - a potion of degeneration {unknown}
Comestibles
 f - 11 rations


   Skills:
 + Level 10.0 Fighting
 + Level 6.4 Axes
 - Level 3.2 Armour
 - Level 3.6 Shields


You had 8 spell levels left.
You didn't know any spells.

Dungeon Overview and Level Annotations

Branches:
Dungeon (7/15)             Temple (1/1) D:6

Altars:
Ashenzari
Cheibriados
Dithmenos
Elyvilon
Fedhas
Gozag
Hepliaklqana
Kikubaaqudgha
Makhleb
Nemelex Xobeh
Okawaru
Qazlal
Ru
Sif Muna
Trog
Uskayaw
Vehumet
Wu Jian
Xom
Yredelemnul
Zin
The Shining One

Shops:
D:6 }


Innate Abilities, Weirdness & Mutations

You cannot be hasted, slowed, berserked, paralysed or teleported.
You can dig through walls and to a lower floor.
Your four strong arms can wield two-handed weapons with a shield.
You have a pair of large antennae on your head. (SInv)


Message History

The vampire bites you.
* * * LOW HITPOINT WARNING * * *
The vampire draws strength from your injuries!
You closely miss the vampire.
The vampire hits you but does no damage.
The vampire bites you but does no damage.
You hit the vampire but do no damage. The vampire hits you!
* * * LOW HITPOINT WARNING * * *
The vampire barely misses you.
You hit the vampire but do no damage.
The vampire hits you but does no damage.
The vampire bites you but does no damage.
You closely miss the vampire.
The vampire hits you but does no damage.
The vampire bites you.
* * * LOW HITPOINT WARNING * * *
The vampire draws strength from your injuries!
You hit the vampire but do no damage. You block the vampire's attack.
The vampire bites you!
You die...

######..##.##
###..##.##
#.V...#..#
+.....#..+
#.....#..#
###+####...##..#
#....###...##V.###
#..........#......
#@V........#......
#...(......#......
#..........#......
################'##
#..................
#..................
#..................
#...........{......
#........V.........


You could see a vampire (invisible).

Vanquished Creatures
  An ice beast (D:6)
  A phantom (D:5)
  4 ogres
  3 centaurs
  A bullfrog (D:7)
  A water moccasin skeleton (D:5)
  A scorpion (D:6)
  A jelly (D:6)
  A bullfrog zombie (D:6)
  2 crimson imps (D:5)
  3 hounds
  An orc priest (D:5)
  An orc wizard (D:5)
  A worker ant (D:5)
  A howler monkey skeleton (D:4)
  6 adders
  A river rat (D:6)
  3 shadow imps
  2 oozes
  2 worms
  A dart slug (D:1)
  9 leopard geckos
  2 orcs
  4 ball pythons
  6 giant cockroaches
  20 goblins
  12 hobgoblins
  19 jackals
  A quokka (D:5)
  8 bats
  9 frilled lizards
  7 kobolds
  A leopard gecko zombie (D:6)
  A quokka skeleton (D:4)
  8 rats
145 creatures vanquished.

Notes
Turn   | Place    | Note
-------+----------+-------------------------------------------
     0 | D:1      | Faca the Formicid Fighter began the quest for the Orb.
     0 | D:1      | Reached XP level 1. HP: 18/18 MP: 1/1
    42 | D:1      | Reached XP level 2. HP: 21/25 MP: 2/2
    52 | D:1      | Reached skill level 4 in Fighting
   121 | D:1      | Reached XP level 3. HP: 21/31 MP: 3/3
   665 | D:1      | Reached skill level 5 in Fighting
  1063 | D:1      | Reached XP level 4. HP: 33/39 MP: 4/4
  1550 | D:2      | Reached XP level 5. HP: 33/46 MP: 5/5
  1705 | D:2      | Reached skill level 6 in Fighting
  1903 | D:3      | Noticed an ogre
  1929 | D:3      | Killed an ogre
  1929 | D:3      | Reached XP level 6. HP: 40/53 MP: 6/6
  1940 | D:3      | Reached skill level 7 in Fighting
  3273 | D:5      | Entered Level 5 of the Dungeon
  3510 | D:5      | Reached XP level 7. HP: 61/61 MP: 7/7
  3633 | D:5      | HP: 1/61 [ogre/giant club (7)]
  3635 | D:5      | Reached skill level 8 in Fighting
  4285 | D:5      | Reached XP level 8. HP: 41/69 MP: 8/8
  4537 | D:6      | Found Iskitoko's Gadget Shop.
  4632 | D:6      | Found a staircase to the Ecumenical Temple.
  4638 | Temple   | Entered the Ecumenical Temple
  4763 | Temple   | Became a worshipper of Warmaster Okawaru
  4866 | D:6      | Reached skill level 9 in Fighting
  4874 | D:6      | Reached skill level 5 in Axes
  5199 | D:6      | Reached * piety under Okawaru
  6161 | D:7      | Reached XP level 9. HP: 77/78 MP: 9/9
  6229 | D:7      | Found a sacrificial altar of Ru.
  6364 | D:7      | Reached skill level 10 in Fighting
  6941 | D:7      | HP: 2/78 [vampire (5)]
  6942 | D:7      | Mangled by a vampire

Vault maps used:
D:1:      tarquinn_simple_flora_water_f, minmay_split_cup_large
D:3:      grunt_ministairs_9, minmay_ogre_servants
D:4:      first_ration, minmay_misc_feat_iff
D:6:      minmay_temple_entry_fiery, serial_shops, shop, gup_sewer_entry_spiral
D:7:      kennysheep_little_box
Temple:   minmay_crystal_snake_temple

Skill      XL: |  1  2  3  4  5  6  7  8  9 |
---------------+----------------------------+-----
Fighting       | 4 5 6 7 8 9 10 | 10.0
Axes           | 4 6 |  6.4
Armour         | |  3.2
Shields        | |  3.6

Action                   |  1- 3 |  4- 6 |  7- 9 || total
-------------------------+-------+-------+-------++-------
Melee: War axe           |    99 |   176 |       ||   275
       Hand axe          |       |    44 |   357 ||   401
Invok: Heroism           |       |       |     3 ||     3
  Use: Scroll            |       |     4 |     4 ||     8
       Potion            |       |     1 |     4 ||     5
  Eat: Chunk             |       |     3 |     2 ||     5
       Ration            |       |     2 |     3 ||     5
Armor: Scale mail        |    53 |    60 |       ||   113
       Chain mail        |       |    65 |   145 ||   210
Dodge: Dodged            |    38 |    61 |    81 ||   180
Block: Shield            |    62 |   142 |   161 ||   365

Table legend:
 A = Spawn XP
 B = Non-spawn XP
 C = Spawn XP percentage of total XP
 D = Spawn monster count
 E = Non-spawn monster count
 F = Spawn count percentage of total count
 G = Total turns spent on level
                    A         B        C        D         E        F      G
               +---------+---------+-------+---------+---------+-------+---------
         Total |       0 |    2085 |   0.0 |       0 |     145 |   0.0 |  6942
               +---------+---------+-------+---------+---------+-------+---------
           D:1 |       0 |      71 |   0.0 |       0 |      37 |   0.0 |  1104
           D:2 |       0 |      86 |   0.0 |       0 |      29 |   0.0 |   717
           D:3 |       0 |     161 |   0.0 |       0 |      25 |   0.0 |   953
           D:4 |       0 |      48 |   0.0 |       0 |      10 |   0.0 |   686
           D:5 |       0 |     652 |   0.0 |       0 |      18 |   0.0 |  1077
           D:6 |       0 |     931 |   0.0 |       0 |      23 |   0.0 |  1625
           D:7 |       0 |     136 |   0.0 |       0 |       3 |   0.0 |   617
               +---------+---------+-------+---------+---------+-------+---------
